Bruins vs Nordiques
Created - 9 mars 2017 at 19:12
Goals
|
| Bruins |
1 |
1 |
1 |
1 |
4 |
| Nordiques |
2 |
0 |
1 |
0 |
3 |
|
Shots
|
| Bruins |
4 |
15 |
14 |
1 |
34 |
| Nordiques |
7 |
13 |
13 |
0 |
33 |
|
1st period
1. Nordiques , Chris Drury 31 (Nikolai Kulemin, Dustin Byfuglien) at 10:25
2. Nordiques , Vaclav Prospal 14 (Ryan Ellis, R.J. Umberger) at 16:43
3. Bruins , Adam Pineault 5 (Chris Kelly) at 18:10
Penalties :
Matt Cooke (Bos) for Hooking (Minor) at 10:52, Henrik Sedin (Bos) for Slashing (Minor) at 18:49, Dustin Byfuglien (Que) for Tripping (Minor) at 18:55
2nd period
4. Bruins , Matt Cooke 16 (Andrew Alberts, Victor Oreskovich) at 3:38
Penalties :
Chris Drury (Que) for Interference (Minor) at 6:05, Victor Oreskovich (Bos) for High sticking (Minor) at 15:36, Ryan Ellis (Que) for High sticking (Minor) at 15:41, Michael Ryder (Que) for Hooking (Minor) at 19:04, Paul Gaustad (Que) for Hooking (Minor) at 19:57
3rd period
5. Nordiques , Matt Moulson 17 (Vaclav Prospal, Mark Eaton) at 5:42
6. Bruins , Matt Cooke 17 (Daymond Langkow) at 15:48
Penalties :
Chris Drury (Que) for Holding (Minor) at 18:08
Overtime #1
7. Bruins , Victor Oreskovich 23 (Daniel Sedin, Henrik Sedin) at 1:20
Penalties :
No Penalty
Goalie Stats
Karri Ramo (Bos), 30 saves from 33 shots - (0,909), W, 7-7-2, 61:20 minutes
Martin Brodeur (Que), 30 saves from 34 shots - (0,882), OTL, 19-13-7, 61:20 minutes
Players Stats for Bruins
Player Name G A P +/- PIM S H SB GA TA FO MP PP MP PK MP
------------------------------------------------------------------------------------
Adam Pineault 1 0 1 1 0 4 2 0 0 0 0/0 17:57 2:52 0:00
Andrew Alberts 0 1 1 0 0 2 2 1 0 1 0/0 27:36 4:46 1:19
Chris Kelly 0 1 1 1 0 1 1 0 0 0 5/11 18:21 2:52 0:14
Curtis Glencross 0 0 0 0 0 0 0 0 0 0 0/1 4:58 0:16 0:28
Daniel Sedin 0 1 1 2 0 0 1 1 2 1 0/0 19:43 2:52 0:27
Daymond Langkow 0 1 1 1 0 2 3 0 0 1 2/2 14:21 0:00 0:28
Erik Condra 0 0 0 2 0 0 1 0 0 0 0/0 13:26 0:00 0:00
Henrik Sedin 0 1 1 -2 2 12 2 0 0 1 17/26 24:10 3:47 1:06
Jason Demers 0 0 0 0 0 2 1 5 0 1 0/0 27:14 4:46 1:19
Jonathan Sigalet 0 0 0 1 0 0 0 0 0 0 0/0 11:21 0:00 0:00
Justin Falk 0 0 0 0 0 0 0 1 0 0 0/0 2:50 0:00 0:00
Mark Stuart 0 0 0 0 0 2 1 0 0 0 0/0 21:32 2:07 0:51
Matt Cooke 2 0 2 2 2 3 2 0 0 0 0/2 14:54 0:14 0:00
Maxim Kondratiev 0 0 0 0 0 0 1 1 0 0 0/0 21:32 2:07 0:51
Nate Prosser 0 0 0 1 0 1 0 0 0 0 0/0 10:35 0:00 0:00
Victor Oreskovich 1 1 2 -1 2 3 3 0 0 0 1/1 18:38 3:46 0:27
Viktor Stalberg 0 0 0 -1 0 0 1 0 0 0 0/0 4:23 0:00 0:00
Wojtek Wolski 0 0 0 -3 0 2 1 1 0 1 5/14 25:49 4:00 1:10
Players Stats for Nordiques
Player Name G A P +/- PIM S H SB GA TA FO MP PP MP PK MP
------------------------------------------------------------------------------------
Chris Drury 1 0 1 -1 4 5 1 0 0 0 11/29 19:57 1:15 0:46
Dmitry Kulikov 0 0 0 0 0 1 1 5 0 0 0/0 19:31 0:51 0:29
Dustin Byfuglien 0 1 1 1 2 1 2 0 0 0 0/0 24:03 1:18 2:16
Fedor Tyutin 0 0 0 0 0 3 1 1 0 0 0/0 19:29 0:51 0:05
Jarret Stoll 0 0 0 -2 0 0 1 1 0 0 3/3 19:05 1:15 1:37
Kyle Calder 0 0 0 0 0 3 1 1 0 0 0/0 13:43 0:00 2:15
Mark Eaton 0 1 1 -1 0 1 1 0 1 1 0/0 19:22 0:00 4:39
Matt Moulson 1 0 1 1 0 1 0 0 1 0 0/1 13:57 0:55 0:00
Michael Ryder 0 0 0 0 2 2 1 0 0 0 0/0 11:20 0:00 0:12
Nikita Kucherov 0 0 0 1 0 1 0 0 1 0 0/0 13:20 0:55 0:00
Nikolai Kulemin 0 1 1 0 0 0 1 0 0 0 0/0 8:26 0:00 0:00
Pascal Dupuis 0 0 0 0 0 1 0 1 0 0 2/3 13:24 0:00 4:12
Paul Gaustad 0 0 0 0 2 0 4 1 0 0 8/13 15:16 0:00 3:08
R.J. Umberger 0 1 1 -1 0 4 1 0 1 0 2/4 18:36 1:15 0:04
Rich Peverley 0 0 0 0 0 2 1 0 1 0 0/2 8:26 0:00 0:00
Ryan Ellis 0 1 1 -1 2 2 0 1 0 1 0/0 21:51 1:18 1:59
T.J. Fast 0 0 0 -1 0 2 0 1 1 0 0/0 18:31 0:00 4:34
Vaclav Prospal 1 1 2 0 0 4 3 0 0 0 1/2 15:03 0:55 0:33
3 Stars
1 - Matt Cooke (Bos)
2 - Vaclav Prospal (Que)
3 - Adam Pineault (Bos)
Power Play
Bruins - 0 on 6 Attempt(s) - 0,00%
Nordiques - 0 on 3 Attempt(s) - 0,00%
Penalty Kill
Bruins - 3 on 3 Attempt(s) - 100,00%
- Score 0 goal in Penalty Kill
Nordiques - 6 on 6 Attempt(s) - 100,00%
- Score 0 goal in Penalty Kill
Team Stat
Bruins - Hits : 22 - Faceoff Wins : 30 - Blocked Shots : 10 - Penalty Minutes : 6
Nordiques - Hits : 19 - Faceoff Wins : 27 - Blocked Shots : 12 - Penalty Minutes : 12
Official
Referees : Martell Rob and Hebert Ghislain
Linesman : Pierre Racicot and Lyle Seitz
Game Notes
No Game Note
Finance
Level 1 -- Attendance: 4004 (66,73%) -- Ticket Income 400 400 $
Level 2 -- Attendance: 3527 (70,54%) -- Ticket Income 211 620 $
Level 3 -- Attendance: 1283 (64,15%) -- Ticket Income 52 603 $
Level 4 -- Attendance: 2354 (58,85%) -- Ticket Income 70 620 $
Luxury Box -- Attendance: 1000 (100,00%) -- Ticket Income 160 000 $
Game was played at the Centre Videotron.
Total Attendance: 12168 (67,60%)
Total Ticket Income: 895 243 $
Other Income: 134 286 $
Total Income: 1 029 529 $
Bruins
5 vs 5 Forward
Center Left Wing Right Wing Time % Phy DF OF
1 Henrik Sedin Wojtek Wolski Victor Oreskovich 40 1 2 2
2 Chris Kelly Daniel Sedin Adam Pineault 30 1 2 2
3 Daymond Langkow Matt Cooke Erik Condra 20 1 2 2
4 Wojtek Wolski Viktor Stalberg Henrik Sedin 10 1 2 2
5 vs 5 Defense
Defense Defense Time % Phy DF OF
1 Jason Demers Andrew Alberts 40 1 2 2
2 Mark Stuart Maxim Kondratiev 30 1 2 2
3 Jonathan Sigalet Nate Prosser 20 1 2 2
4 Justin Falk Jason Demers 10 1 2 2
PowerPlay Forward
Center Left Wing Right Wing Time % Phy DF OF
1 Henrik Sedin Wojtek Wolski Victor Oreskovich 60 1 2 2
2 Chris Kelly Daniel Sedin Adam Pineault 40 1 2 2
PowerPlay Defense
Defense Defense Time % Phy DF OF
1 Jason Demers Andrew Alberts 60 1 2 2
2 Mark Stuart Maxim Kondratiev 40 1 2 2
Penalty Kill 4 Players Forward
Center Wing Time % Phy DF OF
1 Wojtek Wolski Henrik Sedin 60 1 2 2
2 Daniel Sedin Victor Oreskovich 40 1 2 2
Penalty Kill 4 Players Defense
Defense Defense Time % Phy DF OF
1 Jason Demers Andrew Alberts 60 1 2 2
2 Mark Stuart Maxim Kondratiev 40 1 2 2
Penalty Kill - 3 Players Forward
Forward Time % Phy DF OF
1 Wojtek Wolski 60 1 2 2
2 Henrik Sedin 40 1 2 2
Penalty Kill - 3 Players Defense
Defense Defense Time % Phy DF OF
1 Jason Demers Andrew Alberts 60 1 2 2
2 Mark Stuart Maxim Kondratiev 40 1 2 2
4 vs 4 Forward
Center Wing Time % Phy DF OF
1 Wojtek Wolski Henrik Sedin 60 1 2 2
2 Daniel Sedin Victor Oreskovich 40 1 2 2
4 vs 4 Defense
Defense Defense Time % Phy DF OF
1 Jason Demers Andrew Alberts 60 1 2 2
2 Mark Stuart Maxim Kondratiev 40 1 2 2
Last Minutes Offensive
Center Left Wing Right Wing Defense Defense
Henrik Sedin Wojtek Wolski Victor Oreskovich Jason Demers Andrew Alberts
Last Minutes Defensive
Center Left Wing Right Wing Defense Defense
Henrik Sedin Wojtek Wolski Victor Oreskovich Jason Demers Andrew Alberts
Goaltenders
Starting : Karri Ramo
Backup : Roberto Luongo
Extra Forwards
Normal : Curtis Glencross, Matt Cooke, Daymond Langkow - PP : Curtis Glencross, Matt Cooke - PK : Daymond Langkow
Extra Defensemen
Normal : Jonathan Sigalet, Nate Prosser, Justin Falk - PP : Jonathan Sigalet - PK : Nate Prosser, Justin Falk
Penalty Shots
Wojtek Wolski, Henrik Sedin, Daniel Sedin, Victor Oreskovich, Chris Kelly
Nordiques
5 vs 5 Forward
Center Left Wing Right Wing Time % Phy DF OF
1 Chris Drury R.J. Umberger Jarret Stoll 40 0 2 3
2 Vaclav Prospal Matt Moulson Nikita Kucherov 30 0 2 3
3 Paul Gaustad Kyle Calder Michael Ryder 20 0 2 3
4 Rich Peverley Nikolai Kulemin Pascal Dupuis 10 0 2 3
5 vs 5 Defense
Defense Defense Time % Phy DF OF
1 Fedor Tyutin Dustin Byfuglien 40 0 5 0
2 Dmitry Kulikov Ryan Ellis 30 0 5 0
3 T.J. Fast Mark Eaton 20 0 5 0
4 Fedor Tyutin Dustin Byfuglien 10 0 5 0
PowerPlay Forward
Center Left Wing Right Wing Time % Phy DF OF
1 Chris Drury R.J. Umberger Jarret Stoll 60 0 0 5
2 Vaclav Prospal Matt Moulson Nikita Kucherov 40 0 0 5
PowerPlay Defense
Defense Defense Time % Phy DF OF
1 Dustin Byfuglien Ryan Ellis 60 0 2 3
2 Fedor Tyutin Dmitry Kulikov 40 0 2 3
Penalty Kill 4 Players Forward
Center Wing Time % Phy DF OF
1 Paul Gaustad Pascal Dupuis 60 0 4 1
2 Kyle Calder Vaclav Prospal 40 0 4 1
Penalty Kill 4 Players Defense
Defense Defense Time % Phy DF OF
1 T.J. Fast Mark Eaton 60 0 4 1
2 Dustin Byfuglien Ryan Ellis 40 0 4 1
Penalty Kill - 3 Players Forward
Forward Time % Phy DF OF
1 Paul Gaustad 60 0 5 0
2 Pascal Dupuis 40 0 5 0
Penalty Kill - 3 Players Defense
Defense Defense Time % Phy DF OF
1 T.J. Fast Mark Eaton 60 0 5 0
2 Dustin Byfuglien Dmitry Kulikov 40 0 5 0
4 vs 4 Forward
Center Wing Time % Phy DF OF
1 R.J. Umberger Chris Drury 60 0 1 4
2 Jarret Stoll Vaclav Prospal 40 0 1 4
4 vs 4 Defense
Defense Defense Time % Phy DF OF
1 Dustin Byfuglien Dmitry Kulikov 60 0 3 2
2 Fedor Tyutin Ryan Ellis 40 0 3 2
Last Minutes Offensive
Center Left Wing Right Wing Defense Defense
Chris Drury R.J. Umberger Jarret Stoll Dustin Byfuglien Fedor Tyutin
Last Minutes Defensive
Center Left Wing Right Wing Defense Defense
Paul Gaustad Kyle Calder Pascal Dupuis T.J. Fast Mark Eaton
Goaltenders
Starting : Martin Brodeur
Backup : Julien Ellis
Extra Forwards
Normal : Chris Drury, Jarret Stoll, Matt Moulson - PP : Chris Drury, Jarret Stoll - PK : Pascal Dupuis
Extra Defensemen
Normal : Dmitry Kulikov, Ryan Ellis, Dustin Byfuglien - PP : Dmitry Kulikov - PK : Ryan Ellis, Dustin Byfuglien
Penalty Shots
R.J. Umberger, Chris Drury, Jarret Stoll, Vaclav Prospal, Paul Gaustad
% Time on Ice - Bruins
Lines # - Real PCT - Wanted PCT - Time Play
Normal Forward
1 - 30% - 40% - 14:16
2 - 32% - 30% - 15:05
3 - 28% - 20% - 13:26
4 - 9% - 10% - 4:23
Normal Defense
1 - 38% - 40% - 18:04
2 - 35% - 30% - 16:42
3 - 22% - 20% - 10:35
4 - 4% - 10% - 1:49
PP Forward
1 - 58% - 60% - 4:01
2 - 42% - 40% - 2:52
PP Defense
1 - 69% - 60% - 4:46
2 - 31% - 40% - 2:07
PK Forward
1 - 79% - 60% - 1:43
2 - 21% - 40% - 0:27
PK Defense
1 - 61% - 60% - 1:19
2 - 39% - 40% - 0:51
PK3 Forward
1 - 0% - 60%
2 - 0% - 40%
PK3 Defense
1 - 0% - 60%
2 - 0% - 40%
44 Forward
1 - 78% - 60% - 4:00
2 - 22% - 40% - 1:07
44 Defense
1 - 64% - 60% - 3:15
2 - 36% - 40% - 1:52
Last Minute Offensive - 0:00
Last Minute Defensive - 0:00
Total
Forward - 61:20
Defense - 61:20
|
% Time on Ice - Nordiques
Lines # - Real PCT - Wanted PCT - Time Play
Normal Forward
1 - 32% - 40% - 15:10
2 - 26% - 30% - 12:25
3 - 24% - 20% - 11:09
4 - 18% - 10% - 8:26
Normal Defense
1 - 38% - 40% - 17:44
2 - 34% - 30% - 15:49
3 - 27% - 20% - 12:48
4 - 2% - 10% - 0:49
PP Forward
1 - 58% - 60% - 1:15
2 - 42% - 40% - 0:55
PP Defense
1 - 61% - 60% - 1:19
2 - 39% - 40% - 0:51
PK Forward
1 - 90% - 60% - 5:14
2 - 10% - 40% - 0:33
PK Defense
1 - 66% - 60% - 3:49
2 - 34% - 40% - 1:58
PK3 Forward
1 - 100% - 60% - 1:14
2 - 0% - 40% - 0:00
PK3 Defense
1 - 69% - 60% - 0:51
2 - 31% - 40% - 0:23
44 Forward
1 - 77% - 60% - 3:49
2 - 23% - 40% - 1:10
44 Defense
1 - 77% - 60% - 3:49
2 - 23% - 40% - 1:10
Last Minute Offensive - 0:00
Last Minute Defensive - 0:00
Total
Forward - 61:20
Defense - 61:20
|
Play by Play
1st period
0:01 of 1st period - Henrik Sedin wins face-off versus Chris Drury in neutral zone.
0:25 of 1st period - Fedor Tyutin is hit by Daniel Sedin and loses puck.
0:34 of 1st period - Andrew Alberts is hit by Vaclav Prospal.
0:54 of 1st period - Daymond Langkow is hit by Paul Gaustad and loses puck.
2:04 of 1st period - Mark Stuart is hit by Fedor Tyutin and loses puck.
2:25 of 1st period - Wrist shot by Rich Peverley.
2:25 of 1st period - Stopped by Karri Ramo with a rebound.
3:45 of 1st period - Slapshot by Ryan Ellis.
3:45 of 1st period - Shot Misses the Net.
3:47 of 1st period - Snap shot by Ryan Ellis.
3:47 of 1st period - Stopped by Karri Ramo with a rebound.
4:05 of 1st period - Snap shot by Chris Drury.
4:05 of 1st period - Shot Blocked by Daniel Sedin.
5:14 of 1st period - Victor Oreskovich is hit by Chris Drury and loses puck.
5:48 of 1st period - Dustin Byfuglien is hit by Daymond Langkow and loses puck.
5:55 of 1st period - Maxim Kondratiev is hit by Mark Eaton and loses puck.
6:21 of 1st period - Jason Demers is hit by Nikolai Kulemin and loses puck.
6:34 of 1st period - Andrew Alberts is hit by Vaclav Prospal.
6:53 of 1st period - Slapshot by Chris Drury.
6:53 of 1st period - Deflect By R.J. Umberger.
6:53 of 1st period - Stopped by Karri Ramo with a rebound.
7:03 of 1st period - Daniel Sedin is hit by Vaclav Prospal and loses puck.
7:48 of 1st period - Ryan Ellis is hit by Andrew Alberts.
8:26 of 1st period - Snap shot by Matt Moulson.
8:26 of 1st period - Shot Blocked by Justin Falk.
8:28 of 1st period - Backhand shot by Vaclav Prospal.
8:28 of 1st period - Shot Misses the Net.
8:30 of 1st period - Snap shot by Dmitry Kulikov.
8:30 of 1st period - Stopped by Karri Ramo with a rebound.
8:32 of 1st period - Slapshot by Ryan Ellis.
8:32 of 1st period - Deflect By Matt Moulson.
8:32 of 1st period - Shot Misses the Net.
8:32 of 1st period - Puck is out of play.
8:33 of 1st period - Henrik Sedin wins face-off versus Chris Drury in Bruins zone.
9:28 of 1st period - Off-side.
9:29 of 1st period - Chris Drury wins face-off versus Matt Cooke in neutral zone.
9:36 of 1st period - Slapshot by Chris Drury.
9:36 of 1st period - Shot Misses the Net.
9:54 of 1st period - Wojtek Wolski is hit by Michael Ryder.
10:00 of 1st period - Dustin Byfuglien is hit by Victor Oreskovich.
10:23 of 1st period - Snap shot by Chris Drury.
10:23 of 1st period - Shot Blocked by Andrew Alberts.
10:25 of 1st period - Wrist shot by Chris Drury.
10:25 of 1st period - Goal by Chris Drury - Bruins : 0 - Nordiques : 1.
10:26 of 1st period - Chris Drury wins face-off versus Henrik Sedin in neutral zone.
10:52 of 1st period - Minor Penalty to Matt Cooke for Hooking.
10:53 of 1st period - Wojtek Wolski wins face-off versus Chris Drury in Bruins zone.
10:58 of 1st period - Slapshot by Wojtek Wolski.
10:58 of 1st period - Deflect By Henrik Sedin.
10:58 of 1st period - Stopped by Martin Brodeur with a rebound.
11:04 of 1st period - Slapshot by Ryan Ellis.
11:04 of 1st period - Stopped by Karri Ramo with a rebound.
11:08 of 1st period - Wrist shot by Chris Drury.
11:08 of 1st period - Shot Misses the Net.
11:26 of 1st period - Slapshot by Matt Moulson.
11:26 of 1st period - Shot Blocked by Jason Demers.
11:28 of 1st period - Slapshot by Dustin Byfuglien.
11:28 of 1st period - Shot Misses the Net.
12:52 of 1st period - Penalty to Matt Cooke is over, Matt Cooke is back on ice.
13:03 of 1st period - Snap shot by Daymond Langkow.
13:03 of 1st period - Shot Misses the Net.
13:09 of 1st period - Nate Prosser is hit by Paul Gaustad and loses puck.
14:39 of 1st period - Fedor Tyutin is hit by Daymond Langkow and loses puck.
14:56 of 1st period - Nate Prosser is hit by R.J. Umberger and loses puck.
15:20 of 1st period - Kyle Calder is hit by Mark Stuart and loses puck.
16:17 of 1st period - Ryan Ellis is hit by Viktor Stalberg.
16:43 of 1st period - Snap shot by Vaclav Prospal.
16:43 of 1st period - Goal by Vaclav Prospal - Bruins : 0 - Nordiques : 2.
16:44 of 1st period - Chris Kelly wins face-off versus Chris Drury in neutral zone.
16:47 of 1st period - Snap shot by Adam Pineault.
16:47 of 1st period - Shot Blocked by Jarret Stoll.
17:21 of 1st period - Fedor Tyutin is hit by Victor Oreskovich and loses puck.
17:36 of 1st period - Wrist shot by Matt Cooke.
17:36 of 1st period - Shot Blocked by Kyle Calder.
18:10 of 1st period - Wrist shot by Adam Pineault.
18:10 of 1st period - Goal by Adam Pineault - Bruins : 1 - Nordiques : 2.
18:11 of 1st period - Henrik Sedin wins face-off versus Chris Drury in neutral zone.
18:42 of 1st period - Snap shot by Adam Pineault.
18:42 of 1st period - Stopped by Martin Brodeur without a rebound.
18:43 of 1st period - Henrik Sedin wins face-off versus Chris Drury in Nordiques zone.
18:48 of 1st period - Snap shot by Henrik Sedin.
18:48 of 1st period - Stopped by Martin Brodeur without a rebound.
18:49 of 1st period - Henrik Sedin wins face-off versus Chris Drury in Nordiques zone.
18:49 of 1st period - Minor Penalty to Henrik Sedin for Slashing.
18:50 of 1st period - Chris Drury wins face-off versus Wojtek Wolski in Bruins zone.
18:55 of 1st period - Minor Penalty to Dustin Byfuglien for Tripping.
18:56 of 1st period - Wojtek Wolski wins face-off versus R.J. Umberger in Nordiques zone.
19:11 of 1st period - Snap shot by Wojtek Wolski.
19:11 of 1st period - Shot Blocked by Dmitry Kulikov.
Goals for this period are 1 for Bruins vs 2 for Nordiques.
Shots for this period are 4 for Bruins vs 7 for Nordiques.
2nd period
0:01 of 2nd period - Wojtek Wolski wins face-off versus Chris Drury in neutral zone.
0:04 of 2nd period - Slapshot by Jason Demers.
0:04 of 2nd period - Shot Blocked by Dmitry Kulikov.
0:15 of 2nd period - Snap shot by Chris Drury.
0:15 of 2nd period - Deflect By R.J. Umberger.
0:15 of 2nd period - Stopped by Karri Ramo without a rebound.
0:16 of 2nd period - R.J. Umberger wins face-off versus Wojtek Wolski in Bruins zone.
0:49 of 2nd period - Penalty to Henrik Sedin is over, Henrik Sedin is back on ice.
0:55 of 2nd period - Penalty to Dustin Byfuglien is over, Dustin Byfuglien is back on ice.
0:56 of 2nd period - Slapshot by Ryan Ellis.
0:56 of 2nd period - Shot Blocked by Jason Demers.
1:07 of 2nd period - Dustin Byfuglien is hit by Adam Pineault and loses puck.
1:23 of 2nd period - Fedor Tyutin is hit by Matt Cooke and loses puck.
2:46 of 2nd period - Slapshot by Michael Ryder.
2:46 of 2nd period - Stopped by Karri Ramo with a rebound.
2:48 of 2nd period - Slapshot by Mark Eaton.
2:48 of 2nd period - Deflect By Daniel Sedin.
2:48 of 2nd period - Stopped by Karri Ramo without a rebound.
2:49 of 2nd period - Paul Gaustad wins face-off versus Chris Kelly in Bruins zone.
3:02 of 2nd period - Wrist shot by Chris Kelly.
3:02 of 2nd period - Stopped by Martin Brodeur with a rebound.
3:04 of 2nd period - Wrist shot by Adam Pineault.
3:04 of 2nd period - Shot Misses the Net.
3:25 of 2nd period - Victor Oreskovich is hit by Jarret Stoll and loses puck.
3:38 of 2nd period - Snap shot by Matt Cooke.
3:38 of 2nd period - Goal by Matt Cooke - Bruins : 2 - Nordiques : 2.
3:39 of 2nd period - Henrik Sedin wins face-off versus R.J. Umberger in neutral zone.
3:52 of 2nd period - Slapshot by Chris Drury.
3:52 of 2nd period - Stopped by Karri Ramo without a rebound.
3:53 of 2nd period - Henrik Sedin wins face-off versus Chris Drury in Bruins zone.
4:00 of 2nd period - Snap shot by Henrik Sedin.
4:00 of 2nd period - Stopped by Martin Brodeur without a rebound.
4:01 of 2nd period - Chris Drury wins face-off versus Henrik Sedin in Nordiques zone.
4:55 of 2nd period - Snap shot by Daymond Langkow.
4:55 of 2nd period - Stopped by Martin Brodeur without a rebound.
4:56 of 2nd period - Chris Drury wins face-off versus Henrik Sedin in Nordiques zone.
4:56 of 2nd period - Chris Drury is hit by Victor Oreskovich.
5:44 of 2nd period - Snap shot by Wojtek Wolski.
5:44 of 2nd period - Shot Misses the Net.
5:46 of 2nd period - Snap shot by Henrik Sedin.
5:46 of 2nd period - Shot Misses the Net.
5:48 of 2nd period - Snap shot by Wojtek Wolski.
5:48 of 2nd period - Shot Blocked by Paul Gaustad.
5:50 of 2nd period - Backhand shot by Henrik Sedin.
5:50 of 2nd period - Shot Misses the Net.
5:54 of 2nd period - Wrist shot by Henrik Sedin.
5:54 of 2nd period - Shot Blocked by Dmitry Kulikov.
5:56 of 2nd period - Snap shot by Victor Oreskovich.
5:56 of 2nd period - Shot Misses the Net.
5:58 of 2nd period - Wrist shot by Mark Stuart.
5:58 of 2nd period - Stopped by Martin Brodeur with a rebound.
6:00 of 2nd period - Snap shot by Henrik Sedin.
6:00 of 2nd period - Stopped by Martin Brodeur with a rebound.
6:02 of 2nd period - Wrist shot by Maxim Kondratiev.
6:02 of 2nd period - Deflect By Wojtek Wolski.
6:02 of 2nd period - Shot Blocked by Dmitry Kulikov.
6:02 of 2nd period - Puck is out of play.
6:03 of 2nd period - Chris Drury wins face-off versus Chris Kelly in Nordiques zone.
6:05 of 2nd period - Minor Penalty to Chris Drury for Interference.
6:06 of 2nd period - Paul Gaustad wins face-off versus Chris Kelly in Nordiques zone.
7:04 of 2nd period - Kyle Calder is hit by Chris Kelly and loses puck.
7:29 of 2nd period - Snap shot by Wojtek Wolski.
7:29 of 2nd period - Deflect By Matt Cooke.
7:29 of 2nd period - Shot Hit the Post.
7:29 of 2nd period - Puck is out of play.
7:30 of 2nd period - Jarret Stoll wins face-off versus Curtis Glencross in Nordiques zone.
7:30 of 2nd period - Jarret Stoll is hit by Matt Cooke.
8:05 of 2nd period - Penalty to Chris Drury is over, Chris Drury is back on ice.
9:55 of 2nd period - Snap shot by Rich Peverley.
9:55 of 2nd period - Stopped by Karri Ramo with a rebound.
10:47 of 2nd period - Wrist shot by Vaclav Prospal.
10:47 of 2nd period - Shot Misses the Net.
11:16 of 2nd period - Snap shot by R.J. Umberger.
11:16 of 2nd period - Shot Misses the Net.
11:18 of 2nd period - Wrist shot by T.J. Fast.
11:18 of 2nd period - Deflect By Viktor Stalberg.
11:18 of 2nd period - Stopped by Karri Ramo with a rebound.
12:19 of 2nd period - Slapshot by Kyle Calder.
12:19 of 2nd period - Stopped by Karri Ramo without a rebound.
12:20 of 2nd period - Daymond Langkow wins face-off versus Chris Drury in Bruins zone.
12:33 of 2nd period - Wrist shot by R.J. Umberger.
12:33 of 2nd period - Stopped by Karri Ramo without a rebound.
12:34 of 2nd period - Henrik Sedin wins face-off versus Chris Drury in Bruins zone.
12:45 of 2nd period - Snap shot by Henrik Sedin.
12:45 of 2nd period - Stopped by Martin Brodeur with a rebound.
13:08 of 2nd period - Snap shot by Chris Kelly.
13:08 of 2nd period - Shot Misses the Net.
13:18 of 2nd period - Snap shot by Daymond Langkow.
13:18 of 2nd period - Stopped by Martin Brodeur without a rebound.
13:19 of 2nd period - Paul Gaustad wins face-off versus Matt Cooke in Nordiques zone.
13:32 of 2nd period - Snap shot by Kyle Calder.
13:32 of 2nd period - Stopped by Karri Ramo without a rebound.
13:33 of 2nd period - Chris Drury wins face-off versus Henrik Sedin in Bruins zone.
13:36 of 2nd period - Wrist shot by Chris Drury.
13:36 of 2nd period - Stopped by Karri Ramo with a rebound.
13:46 of 2nd period - Slapshot by Jason Demers.
13:46 of 2nd period - Shot Misses the Net.
13:58 of 2nd period - Ryan Ellis is hit by Erik Condra and loses puck.
14:05 of 2nd period - Slapshot by Fedor Tyutin.
14:05 of 2nd period - Stopped by Karri Ramo with a rebound.
14:07 of 2nd period - Wrist shot by Vaclav Prospal.
14:07 of 2nd period - Stopped by Karri Ramo without a rebound.
14:08 of 2nd period - Henrik Sedin wins face-off versus Matt Moulson in Bruins zone.
14:13 of 2nd period - Wrist shot by Wojtek Wolski.
14:13 of 2nd period - Shot Blocked by Fedor Tyutin.
14:33 of 2nd period - Fedor Tyutin is hit by Maxim Kondratiev and loses puck.
15:11 of 2nd period - Daymond Langkow is hit by Dmitry Kulikov.
15:36 of 2nd period - Minor Penalty to Victor Oreskovich for High sticking.
15:37 of 2nd period - Wojtek Wolski wins face-off versus Chris Drury in Bruins zone.
15:41 of 2nd period - Minor Penalty to Ryan Ellis for High sticking.
15:42 of 2nd period - R.J. Umberger wins face-off versus Wojtek Wolski in Nordiques zone.
15:53 of 2nd period - Snap shot by R.J. Umberger.
15:53 of 2nd period - Stopped by Karri Ramo with a rebound.
15:55 of 2nd period - Wrist shot by Dmitry Kulikov.
15:55 of 2nd period - Shot Blocked by Wojtek Wolski.
16:32 of 2nd period - Icing by Dmitry Kulikov.
16:33 of 2nd period - Jarret Stoll wins face-off versus Wojtek Wolski in Nordiques zone.
16:44 of 2nd period - Snap shot by Jarret Stoll.
16:44 of 2nd period - Shot Misses the Net.
17:36 of 2nd period - Penalty to Victor Oreskovich is over, Victor Oreskovich is back on ice.
17:41 of 2nd period - Penalty to Ryan Ellis is over, Ryan Ellis is back on ice.
17:48 of 2nd period - Kyle Calder is hit by Andrew Alberts and loses puck.
17:59 of 2nd period - Nate Prosser is hit by Rich Peverley.
18:16 of 2nd period - Icing by Pascal Dupuis.
18:17 of 2nd period - Henrik Sedin wins face-off versus Rich Peverley in Nordiques zone.
19:01 of 2nd period - Slapshot by Mark Stuart.
19:01 of 2nd period - Stopped by Martin Brodeur without a rebound.
19:02 of 2nd period - Paul Gaustad wins face-off versus Chris Kelly in Nordiques zone.
19:04 of 2nd period - Minor Penalty to Michael Ryder for Hooking.
19:05 of 2nd period - Paul Gaustad wins face-off versus Henrik Sedin in Nordiques zone.
19:19 of 2nd period - Snap shot by Henrik Sedin.
19:19 of 2nd period - Stopped by Martin Brodeur without a rebound.
19:20 of 2nd period - Wojtek Wolski wins face-off versus Paul Gaustad in Nordiques zone.
19:21 of 2nd period - Snap shot by Victor Oreskovich.
19:21 of 2nd period - Stopped by Martin Brodeur with a rebound.
19:23 of 2nd period - Slapshot by Andrew Alberts.
19:23 of 2nd period - Stopped by Martin Brodeur with a rebound.
19:25 of 2nd period - Snap shot by Wojtek Wolski.
19:25 of 2nd period - Shot Misses the Net.
19:27 of 2nd period - Wrist shot by Henrik Sedin.
19:27 of 2nd period - Stopped by Martin Brodeur with a rebound.
19:29 of 2nd period - Slapshot by Jason Demers.
19:29 of 2nd period - Stopped by Martin Brodeur without a rebound.
19:30 of 2nd period - Henrik Sedin wins face-off versus Paul Gaustad in Nordiques zone.
19:35 of 2nd period - Slapshot by Victor Oreskovich.
19:35 of 2nd period - Deflect By Wojtek Wolski.
19:35 of 2nd period - Stopped by Martin Brodeur without a rebound.
19:36 of 2nd period - Henrik Sedin wins face-off versus Paul Gaustad in Nordiques zone.
19:57 of 2nd period - Minor Penalty to Paul Gaustad for Hooking.
19:58 of 2nd period - Pascal Dupuis wins face-off versus Henrik Sedin in Nordiques zone.
Goals for this period are 1 for Bruins vs 0 for Nordiques.
Shots for this period are 15 for Bruins vs 13 for Nordiques.
3rd period
0:01 of 3rd period - Pascal Dupuis wins face-off versus Henrik Sedin in neutral zone.
0:12 of 3rd period - Wrist shot by Pascal Dupuis.
0:12 of 3rd period - Stopped by Karri Ramo without a rebound.
0:13 of 3rd period - Henrik Sedin wins face-off versus Pascal Dupuis in Bruins zone.
1:04 of 3rd period - Penalty to Michael Ryder is over, Michael Ryder is back on ice.
1:09 of 3rd period - Wrist shot by Chris Drury.
1:09 of 3rd period - Shot Misses the Net.
1:57 of 3rd period - Penalty to Paul Gaustad is over, Paul Gaustad is back on ice.
2:12 of 3rd period - Snap shot by Matt Cooke.
2:12 of 3rd period - Stopped by Martin Brodeur with a rebound.
2:14 of 3rd period - Slapshot by Jonathan Sigalet.
2:14 of 3rd period - Shot Blocked by Pascal Dupuis.
2:16 of 3rd period - Slapshot by Nate Prosser.
2:16 of 3rd period - Stopped by Martin Brodeur with a rebound.
2:18 of 3rd period - Slapshot by Nate Prosser.
2:18 of 3rd period - Shot Blocked by T.J. Fast.
2:46 of 3rd period - Off-side.
2:47 of 3rd period - Paul Gaustad wins face-off versus Chris Kelly in neutral zone.
3:12 of 3rd period - Andrew Alberts is hit by Kyle Calder and loses puck.
3:17 of 3rd period - Slapshot by Michael Ryder.
3:17 of 3rd period - Shot Blocked by Jason Demers.
3:33 of 3rd period - Slapshot by Adam Pineault.
3:33 of 3rd period - Shot Misses the Net.
3:52 of 3rd period - Off-side.
3:53 of 3rd period - Jarret Stoll wins face-off versus Wojtek Wolski in neutral zone.
4:14 of 3rd period - Snap shot by Nikita Kucherov.
4:14 of 3rd period - Stopped by Karri Ramo with a rebound.
4:16 of 3rd period - Snap shot by Fedor Tyutin.
4:16 of 3rd period - Shot Misses the Net.
4:22 of 3rd period - Slapshot by Daymond Langkow.
4:22 of 3rd period - Shot Misses the Net.
5:17 of 3rd period - T.J. Fast is hit by Daymond Langkow and loses puck.
5:42 of 3rd period - Snap shot by Matt Moulson.
5:42 of 3rd period - Goal by Matt Moulson - Bruins : 2 - Nordiques : 3.
5:43 of 3rd period - Chris Drury wins face-off versus Henrik Sedin in neutral zone.
6:10 of 3rd period - Andrew Alberts is hit by Dustin Byfuglien and loses puck.
6:33 of 3rd period - Wrist shot by Michael Ryder.
6:33 of 3rd period - Stopped by Karri Ramo with a rebound.
6:35 of 3rd period - Snap shot by Paul Gaustad.
6:35 of 3rd period - Shot Misses the Net.
6:37 of 3rd period - Snap shot by Kyle Calder.
6:37 of 3rd period - Stopped by Karri Ramo with a rebound.
7:44 of 3rd period - Slapshot by Paul Gaustad.
7:44 of 3rd period - Shot Misses the Net.
7:58 of 3rd period - Ryan Ellis is hit by Adam Pineault.
8:34 of 3rd period - Slapshot by T.J. Fast.
8:34 of 3rd period - Deflect By Vaclav Prospal.
8:34 of 3rd period - Deflect By Daymond Langkow.
8:34 of 3rd period - Stopped by Karri Ramo without a rebound.
8:35 of 3rd period - Daymond Langkow wins face-off versus Vaclav Prospal in Bruins zone.
8:42 of 3rd period - Jonathan Sigalet is hit by Dustin Byfuglien and loses puck.
8:51 of 3rd period - Snap shot by Matt Moulson.
8:51 of 3rd period - Shot Misses the Net.
9:03 of 3rd period - Slapshot by Daniel Sedin.
9:03 of 3rd period - Shot Misses the Net.
9:05 of 3rd period - Wrist shot by Chris Kelly.
9:05 of 3rd period - Deflect By Daniel Sedin.
9:05 of 3rd period - Shot Misses the Net.
9:05 of 3rd period - Puck is out of play.
9:06 of 3rd period - Chris Kelly wins face-off versus Chris Drury in Nordiques zone.
9:07 of 3rd period - Slapshot by Daniel Sedin.
9:07 of 3rd period - Shot Misses the Net.
9:17 of 3rd period - Slapshot by Jason Demers.
9:17 of 3rd period - Stopped by Martin Brodeur with a rebound.
9:19 of 3rd period - Snap shot by Andrew Alberts.
9:19 of 3rd period - Deflect By T.J. Fast.
9:19 of 3rd period - Stopped by Martin Brodeur without a rebound.
9:20 of 3rd period - Henrik Sedin wins face-off versus Chris Drury in Nordiques zone.
9:23 of 3rd period - Wrist shot by Wojtek Wolski.
9:23 of 3rd period - Deflect By Henrik Sedin.
9:23 of 3rd period - Stopped by Martin Brodeur without a rebound.
9:24 of 3rd period - Henrik Sedin wins face-off versus Chris Drury in Nordiques zone.
9:27 of 3rd period - Snap shot by Wojtek Wolski.
9:27 of 3rd period - Stopped by Martin Brodeur without a rebound.
9:28 of 3rd period - Henrik Sedin wins face-off versus Chris Drury in Nordiques zone.
9:33 of 3rd period - Snap shot by Wojtek Wolski.
9:33 of 3rd period - Shot Misses the Net.
9:35 of 3rd period - Slapshot by Victor Oreskovich.
9:35 of 3rd period - Stopped by Martin Brodeur without a rebound.
9:36 of 3rd period - Victor Oreskovich wins face-off versus Chris Drury in Nordiques zone.
9:39 of 3rd period - Wrist shot by Henrik Sedin.
9:39 of 3rd period - Stopped by Martin Brodeur with a rebound.
9:41 of 3rd period - Wrist shot by Henrik Sedin.
9:41 of 3rd period - Stopped by Martin Brodeur with a rebound.
10:05 of 3rd period - Slapshot by Fedor Tyutin.
10:05 of 3rd period - Shot Blocked by Jason Demers.
10:07 of 3rd period - Snap shot by Fedor Tyutin.
10:07 of 3rd period - Stopped by Karri Ramo with a rebound.
10:09 of 3rd period - Slapshot by Dustin Byfuglien.
10:09 of 3rd period - Shot Misses the Net.
10:11 of 3rd period - Snap shot by Vaclav Prospal.
10:11 of 3rd period - Stopped by Karri Ramo with a rebound.
10:29 of 3rd period - Snap shot by Matt Cooke.
10:29 of 3rd period - Shot Blocked by Ryan Ellis.
10:31 of 3rd period - Slapshot by Jason Demers.
10:31 of 3rd period - Shot Blocked by Dmitry Kulikov.
10:42 of 3rd period - Off-side.
10:43 of 3rd period - Henrik Sedin wins face-off versus Rich Peverley in neutral zone.
11:11 of 3rd period - Rich Peverley is hit by Wojtek Wolski and loses puck.
11:32 of 3rd period - Snap shot by Pascal Dupuis.
11:32 of 3rd period - Shot Misses the Net.
11:48 of 3rd period - Wrist shot by Victor Oreskovich.
11:48 of 3rd period - Shot Misses the Net.
11:50 of 3rd period - Slapshot by Maxim Kondratiev.
11:50 of 3rd period - Shot Misses the Net.
11:52 of 3rd period - Slapshot by Victor Oreskovich.
11:52 of 3rd period - Shot Misses the Net.
12:28 of 3rd period - Slapshot by Henrik Sedin.
12:28 of 3rd period - Stopped by Martin Brodeur without a rebound.
12:29 of 3rd period - Chris Kelly wins face-off versus Chris Drury in Nordiques zone.
12:44 of 3rd period - Wrist shot by Adam Pineault.
12:44 of 3rd period - Stopped by Martin Brodeur with a rebound.
13:16 of 3rd period - Slapshot by Fedor Tyutin.
13:16 of 3rd period - Stopped by Karri Ramo without a rebound.
13:17 of 3rd period - Chris Kelly wins face-off versus Paul Gaustad in Bruins zone.
13:17 of 3rd period - Chris Kelly is hit by Paul Gaustad.
14:25 of 3rd period - Jason Demers is hit by Paul Gaustad and loses puck.
14:36 of 3rd period - Snap shot by Chris Drury.
14:36 of 3rd period - Stopped by Karri Ramo without a rebound.
14:37 of 3rd period - Chris Drury wins face-off versus Wojtek Wolski in Bruins zone.
15:16 of 3rd period - Snap shot by Paul Gaustad.
15:16 of 3rd period - Shot Hit the Post.
15:18 of 3rd period - Slapshot by T.J. Fast.
15:18 of 3rd period - Deflect By Mark Stuart.
15:18 of 3rd period - Stopped by Karri Ramo with a rebound.
15:48 of 3rd period - Snap shot by Matt Cooke.
15:48 of 3rd period - Goal by Matt Cooke - Bruins : 3 - Nordiques : 3.
15:49 of 3rd period - Chris Drury wins face-off versus Wojtek Wolski in neutral zone.
16:01 of 3rd period - Wrist shot by Chris Drury.
16:01 of 3rd period - Stopped by Karri Ramo with a rebound.
16:03 of 3rd period - Slapshot by Dustin Byfuglien.
16:03 of 3rd period - Stopped by Karri Ramo with a rebound.
16:47 of 3rd period - Snap shot by Matt Cooke.
16:47 of 3rd period - Shot Misses the Net.
16:59 of 3rd period - Ryan Ellis is hit by Henrik Sedin and loses puck.
17:04 of 3rd period - Snap shot by Henrik Sedin.
17:04 of 3rd period - Stopped by Martin Brodeur with a rebound.
17:47 of 3rd period - Icing by Maxim Kondratiev.
17:48 of 3rd period - Vaclav Prospal wins face-off versus Chris Kelly in Bruins zone.
17:55 of 3rd period - Wrist shot by Chris Drury.
17:55 of 3rd period - Shot Blocked by Maxim Kondratiev.
17:57 of 3rd period - Slapshot by Fedor Tyutin.
17:57 of 3rd period - Deflect By Chris Drury.
17:57 of 3rd period - Shot Misses the Net.
17:57 of 3rd period - Puck is out of play.
17:58 of 3rd period - Chris Drury wins face-off versus Wojtek Wolski in Bruins zone.
18:01 of 3rd period - Wrist shot by R.J. Umberger.
18:01 of 3rd period - Shot Blocked by Jason Demers.
18:08 of 3rd period - Minor Penalty to Chris Drury for Holding.
18:09 of 3rd period - Paul Gaustad wins face-off versus Henrik Sedin in Nordiques zone.
18:24 of 3rd period - Paul Gaustad is hit by Jason Demers and loses puck.
18:35 of 3rd period - Wrist shot by Adam Pineault.
18:35 of 3rd period - Stopped by Martin Brodeur without a rebound.
18:36 of 3rd period - Chris Kelly wins face-off versus Paul Gaustad in Nordiques zone.
19:57 of 3rd period - Kyle Calder is hit by Henrik Sedin and loses puck.
Goals for this period are 1 for Bruins vs 1 for Nordiques.
Shots for this period are 14 for Bruins vs 13 for Nordiques.
Overtime #1
0:01 of 1st overtime period - Paul Gaustad wins face-off versus Wojtek Wolski in neutral zone.
0:08 of 1st overtime period - Penalty to Chris Drury is over, Chris Drury is back on ice.
1:20 of 1st overtime period - Slapshot by Victor Oreskovich.
1:20 of 1st overtime period - Goal by Victor Oreskovich - Bruins : 4 - Nordiques : 3.
Goals for this period are 1 for Bruins vs 0 for Nordiques.
Shots for this period are 1 for Bruins vs 0 for Nordiques.
Back to the Top